 Dungeon Crawl Stone Soup version 0.30.0-2-g1aa4bd4387 (webtiles) character file.

Game seed: 10634599982488184943

110 Eitelfritz the Slasher (level 4, -3/38 HPs)
             Began as a Minotaur Gladiator on May 7, 2023.
             Was an Initiate of Gozag.
             Killed from afar by Ijyb (8 damage)
             ... with a puff of flame
             ... on level 3 of the Dungeon.
             The game lasted 00:03:07 (1856 turns).

Eitelfritz the Slasher (Minotaur Gladiator)         Turns: 1856, Time: 00:03:07

Health: -3/38      AC:  3    Str: 18    XL:     4   Next: 61%
Magic:  3/3        EV: 13    Int:  7    God:    Gozag
Gold:   353        SH:  0    Dex: 12    Spells: 3/3 levels left

rFire   . . .        a - +0 long sword
rCold   . . .        (no shield)
rNeg    . . .        f - +0 leather armour
rPois   .            c - +0 hat
rElec   .            (no cloak)
rCorr   .            (no gloves)
SInv    .            (no boots)
Will    .....        (no amulet)
Stlth   +            (no ring)
HPRegen 0.26/turn    (no ring)
MPRegen 0.08/turn

%: no passive effects
@: no status effects
A: horns 2, retaliatory headbutt
a: Renounce Religion, Potion Petition, Call Merchant, Bribe Branch


You were on level 3 of the Dungeon.
You worshipped Gozag.
Gozag was aware of your devotion.
You visited 1 branch of the dungeon, and saw 3 of its levels.

You collected 353 gold pieces.

Inventory:

Hand Weapons
 a - a +0 long sword (weapon)
 b - a +0 sling
Missiles
 d - 3 throwing nets (quivered)
 e - a javelin
 s - 7 poisoned darts
Armour
 c - a +0 hat (worn)
 f - a +0 leather armour (worn)
 l - a +0 buckler
Wands
 u - a wand of roots (6)
Scrolls
 g - 4 scrolls of identify {unknown}
 h - a scroll of amnesia {unknown}
 j - a scroll of summoning {unknown}
 k - a scroll of fog {unknown}
 n - 2 scrolls of enchant armour {unknown}
 p - a scroll of blinking {unknown}
 q - a scroll of teleportation {unknown}
Potions
 i - a potion of degeneration {unknown}
 m - a potion of attraction {unknown}
 o - 2 potions of cancellation {unknown}
 r - a potion of lignification {unknown}
 t - a potion of invisibility {unknown}
 v - a potion of curing {unknown}


   Skills:
 + Level 3.2 Fighting
 + Level 5.0 Long Blades
 + Level 2.1 Throwing
 + Level 1.8 Armour
 + Level 4.1 Dodging


You had 3 spell levels left.
You didn't know any spells.
Your spell library contained the following spells:

 Spells                   Type           Power      Damage    Failure   Level
 Apportation              Tloc           0%         N/A       50%         1
 Necrotise                Necr           0%         1d4       50%         1
 Summon Small Mammal      Summ           0%         N/A       50%         1
 Ensorcelled Hibernation  Hex/Ice        0%         N/A       63%         2
 Spider Form              Tmut/Pois      0%         N/A       86%         3
 Anguish                  Hex/Necr       0%         N/A       99%         4


Dungeon Overview and Level Annotations

Branches:
Dungeon (3/15)

Altars:
Gozag

Shops:
D:3 =

Annotations:
D:3 Ijyb


Innate Abilities, Weirdness & Mutations

You have a pair of horns on your head.
You reflexively headbutt those who attack you in melee.


Message History

Ijyb hits you with a +0 club. The kobold misses you.
You hit the kobold but do no damage. You headbutt the kobold.
You kill the kobold!
Ijyb barely misses you. You furiously retaliate!
You headbutt Ijyb.
Ijyb zaps a wand.
The puff of flame hits you! Ijyb hits you with a +0 club.
Things that are here:
6 gold pieces; a +0 short sword; 4 poisoned darts You barely miss Ijyb.
You headbutt Ijyb.
Ijyb is heavily wounded.
Ijyb is distracted by your dazzling golden aura.
You barely miss Ijyb.
Ijyb is no longer distracted by gold.
Your headbutt misses Ijyb.
Ijyb is heavily wounded.
Ijyb screams, "No!
No, no, no, no!"
Ijyb barely misses you.
You barely miss Ijyb.
Ijyb is heavily wounded.
Ijyb zaps a wand.
The puff of flame hits you!
You hit Ijyb.
Ijyb is severely wounded.
Ijyb barely misses you. You furiously retaliate!
You headbutt Ijyb! You hit Ijyb but do no damage. Your headbutt misses Ijyb.
Ijyb is almost dead.
Ijyb hits you with a +0 club.
You closely miss Ijyb.
Ijyb is almost dead.
Ijyb zaps a wand.
The puff of flame hits you!
* * * LOW HITPOINT WARNING * * *
Ijyb screams, "I cut your head off!" Ijyb hits you with a +0 club.
* * * LOW HITPOINT WARNING * * *
You closely miss Ijyb.
Ijyb is almost dead.
Ijyb hits you but does no damage.
You hit Ijyb but do no damage.
Ijyb is almost dead.
Ijyb zaps a wand.
The puff of flame hits you!
You die...
Your body crumbles into a pile of gold.

###....###.#####
#....)..##......
#.P......#.###.∩
###P..P~♣....♣#..#
##.P..~~♣~♣......##
#...♣♣♣~~~~♣.P#..#
####...~!~~~~~...#..##
#....P.~~~♣~..♣.##....
#....@.$.~~~..P###....
.......g...♣...P##
#....
.........########
#.### ..######.. #.# #
##.. #.# ##. .. #. ..
.#


You could see Ijyb.

Vanquished Creatures
  Natasha (D:3)
  3 adders (D:2)
  2 worms (D:2)
  3 dart slugs (D:1)
  5 ball pythons
  5 endoplasms
  5 goblins
  3 hobgoblins
  7 kobolds
  A quokka (D:3)
  5 bats
  5 frilled lizards
  5 rats
50 creatures vanquished.

Vanquished Creatures (others)
  2 plants (D:1)
2 creatures vanquished.

Grand Total: 52 creatures vanquished

Notes
Turn   | Place    | Note
-------+----------+-------------------------------------------
     0 | D:1      | Eitelfritz the Minotaur Gladiator began the quest for the
                  | Orb.
     0 | D:1      | Reached XP level 1. HP: 18/18 MP: 0/0
   102 | D:1      | Reached XP level 2. HP: 18/25 MP: 1/1
   346 | D:1      | Reached skill level 4 in Long Blades
   350 | D:1      | Found a faded altar of an unknown god.
   362 | D:1      | Prayed at the altar of an unknown god.
   362 | D:1      | Became a worshipper of Gozag Ym Sagoz the Greedy
   792 | D:2      | Reached XP level 3. HP: 30/30 MP: 2/2
  1191 | D:2      | Reached skill level 1 in Armour
  1353 | D:2      | Reached XP level 4. HP: 37/37 MP: 3/3
  1695 | D:3      | Noticed Natasha
  1703 | D:3      | Killed Natasha
  1756 | D:3      | Found Hojecs's Jewellery Emporium.
  1842 | D:3      | Noticed Ijyb
  1845 | D:3      | Reached skill level 5 in Long Blades
  1856 | D:3      | Killed from afar by Ijyb

Illustrated notes

Levels and vault maps discovered:
D:1:      mrwooster_arrival_statue_3, layout_loops_ring,
          shapermc_ecumenical_altar_mp_ritualfount
D:2:      layout_loops_corners
D:3:      layout_basic, serial_shops, shop, serial_bayou, serial_bayou_pond_e,
          serial_bayou_pond_a, serial_bayou_shore_b, serial_bayou_shore_a,
          grunt_decor_one_mirror, grunt_ministairs_6, uniq_natasha, uniq_ijyb

Skill      XL: |  1  2  3  4 |
---------------+-------------+-----
Long Blades    | 4 5 |  5.0
Dodging        | 4 |  4.1
Armour         | 1 |  1.8
Fighting       | 3 |  3.2
Throwing       | |  2.1

Action                     |  1- 3 |  4- 6 || total
---------------------------+-------+-------++-------
  Melee: Long sword        |    74 |    38 ||   112
         Headbutt          |    10 |     7 ||    17
 Armour: Leather armour    |    17 |     8 ||    25
  Dodge: Dodged            |    48 |    24 ||    72
